 Dungeon Crawl Stone Soup version 0.23.1 (webtiles) character file.

Game seed: 8824893195999158474

177 Lauz the Chiller (level 5, -6/35 HPs)
             Began as a Barachi Ice Elementalist on Mar 19, 2019.
             Mangled by an ogre
             ... wielding a +0 giant club
              (14 damage)
             ... on level 3 of the Dungeon.
             The game lasted 00:09:47 (2264 turns).

Lauz the Chiller (Barachi Ice Elementalist)         Turns: 2264, Time: 00:09:48

Health: -6/35      AC:  5    Str: 10    XL:     5   Next: 57%
Magic:  9/10       EV: 12    Int: 16    God:
Gold:   155        SH:  0    Dex: 12    Spells: 8/11 levels left

rFire    . . .     SeeInvis .   g - +0 short sword
rCold    . . .     Gourm    .   (no shield)
rNeg     . . .     Faith    .   a - +0 robe
rPois    .         Spirit   .   (no helmet)
rElec    .         Reflect  .   f - +1 cloak
rCorr    .         Harm     .   n - +0 pair of gloves
MR       .....                  (no boots)
Stlth    ++........             h - amulet of magic regeneration
HPRegen  0.11/turn              (no ring)
MPRegen  0.37/turn              (no ring)

@: can't hop, slow
A: +LOS, swims, slowness 1, strong legs 1
a: Hop


You were on level 3 of the Dungeon.
You were not hungry.

You visited 1 branch of the dungeon, and saw 3 of its levels.

You collected 155 gold pieces.

Inventory:

Hand Weapons
 g - a +0 short sword (weapon)
Armour
 a - a +0 robe (worn)
 f - a +1 cloak (worn)
 n - a +0 pair of gloves (worn)
Jewellery
 d - an uncursed amulet of guardian spirit
 h - an amulet of magic regeneration (around neck)
Scrolls
 b - 4 scrolls of teleportation {unknown}
 e - a scroll of random uselessness {unknown}
 i - a scroll of identify {unknown}
 j - 2 scrolls of remove curse {unknown}
 k - a scroll of amnesia {unknown}
 r - a scroll of enchant weapon {unknown}
Potions
 l - a potion of berserk rage {unknown}
 m - a potion of curing {unknown}
 o - a potion of might {unknown}
 p - a potion of magic {unknown}
Comestibles
 c - 7 rations
 q - 4 chunks of flesh


   Skills:
 - Level 2.1 Dodging
 - Level 1.7 Stealth
 + Level 3.9 Spellcasting
 + Level 1.3 Conjurations
 + Level 6.0 Ice Magic


You had 8 spell levels left.
You knew the following spells:

 Your Spells              Type           Power        Failure   Level  Hunger
a - Freeze                Ice            ###.         1%          1    None
b - Throw Frost           Conj/Ice       ###...       5%          2    ##.....

Your spell library contained the following spells:

 Spells                   Type           Power        Failure   Level  Hunger
 Ozocubu's Armour         Chrm/Ice       ##......     14%         3    ###....
 Animate Skeleton         Necr           N/A          17%         1    None
 Apportation              Tloc           #.....       17%         1    None
 Confusing Touch          Hex            #.....       17%         1    None
 Summon Small Mammal      Summ           #...         17%         1    None
 Throw Icicle             Conj/Ice       ###.....     36%         4    ####...
 Summon Ice Beast         Ice/Summ       ##......     43%         4    ####...


Dungeon Overview and Level Annotations

Branches:
Dungeon (3/15)

Altars:


Innate Abilities, Weirdness & Mutations

Shadows flee at your approach. (+LOS)
You can swim through water.
You cover ground slowly.
You can hop short distances.


Message History

Aim: an ogre, wielding a +0 giant club (hasn't noticed you)
You freeze the ogre.
The ogre shouts!
The ogre is lightly wounded.
The ogre hits you with a +0 giant club!!
Ouch! That really hurt!
The ogre hits you with a +0 giant club!
* * * LOW HITPOINT WARNING * * *
Hop to where?
Press: ? - help, Dir - move target cursor, p - ogre Boing!
Casting: Freeze (safe; 1% risk of failure)
Confirm with . or Enter, or press ? or * to list all spells.
Aiming: Freeze (safe; 1% risk of failure)
Press: ? - help, Shift-Dir - straight line, f - ogre
Aim: an ogre, wielding a +0 giant club You freeze the ogre!
The ogre is moderately wounded.
The ogre hits you with a +0 giant club!
You die...

.# ###.#.###...#....<..# #.# .#
#.......#.#.#..#.## #.# .#
#.#.##..#.#.#.##.##### #.. .#
#.#.#...#.#.##.......# ###
.######.....#.#.#.#........# ####
.#........###.#.#.#.......>###...
.#.#............#...........##.##
................#.>..........#.##
........###..#.O@..#....)..#.....
......#.#...##.............###...
...##.....#######...#.#....# #..#
... ##..............#.###### #...
.. #..###########.#.##### ##.# ..
#..# .........#.....#####.. #..#
######...#####.##..... #..
##......#.#..#### #.
#......#(#..รท...


You could see an ogre.

Vanquished Creatures
  An ogre (D:3)
  An orc priest (D:3)
  3 leopard geckos
  4 orcs (D:3)
  A ball python (D:1)
  3 giant cockroaches
  6 goblins
  2 hobgoblins
  7 jackals
  8 kobolds
  2 quokkas
  9 bats
  7 rats
54 creatures vanquished.

Notes
Turn   | Place    | Note
-------+----------+-------------------------------------------
     0 | D:1      | Lauz the Barachi Ice Elementalist began the quest for the
                  | Orb.
     0 | D:1      | Reached XP level 1. HP: 13/13 MP: 3/3
    35 | D:1      | Reached skill level 4 in Ice Magic
    43 | D:1      | Reached XP level 2. HP: 8/19 MP: 0/5
   687 | D:1      | Reached XP level 3. HP: 22/24 MP: 3/6
  1699 | D:3      | Reached skill level 5 in Ice Magic
  1769 | D:3      | Learned a level 2 spell: Throw Frost
  1769 | D:3      | Noticed an ogre
  1778 | D:3      | Killed an ogre
  1778 | D:3      | Reached XP level 4. HP: 24/30 MP: 1/9
  1778 | D:3      | Reached XP level 5. HP: 28/35 MP: 1/10
  2164 | D:3      | Reached skill level 6 in Ice Magic
  2255 | D:3      | Noticed an ogre
  2264 | D:3      | Mangled by an ogre

Skill      XL: |  1  2  3  4  5 |
---------------+----------------+-----
Ice Magic      | 4 5 6 |  6.0
Spellcasting   | 3 |  3.9
Dodging        | |  2.1
Stealth        | |  1.7
Conjurations   | |  1.3

Action                   |  1- 3 |  4- 6 || total
-------------------------+-------+-------++-------
Melee: Unarmed           |    31 |       ||    31
       Short sword       |     7 |       ||     7
 Cast: Freeze            |    56 |    11 ||    67
       Throw Frost       |     2 |    16 ||    18
 Abil: Hop               |       |     1 ||     1
  Eat: Chunk             |     3 |     3 ||     6
Armor: Robe              |    26 |       ||    26
Dodge: Dodged            |    59 |     7 ||    66
